 Dungeon Sprint DCSS version 0.21-a0-401-g0b6bec4 (webtiles) character file.

38440 theanonym the Warrior (level 14, -38/196 HPs)
             Began as a Formicid Fighter on Oct 21, 2017.
             Was the Champion of Makhleb.
             Killed from afar by a frost giant (44 damage)
             ... with a bolt of cold
             ... in the Dungeon (Sprint IX: "|||||||||||||||||||||||||||||").
             The game lasted 00:26:54 (4390 turns).

theanonym the Warrior (Formicid Fighter)            Turns: 4390, Time: 00:26:55

Health: -38/196    AC: 29    Str: 26    XL:     14   Next: 34%
Magic:  24/24      EV:  2    Int:  8    God:    Makhleb [******]
Gold:   1518       SH: 26    Dex: 10    Spells: 13/13 levels left

rFire    . . .     SeeInvis .   u - +2 great sword
rCold    . . .     Gourm    .   z - +4 large shield
rNeg     + + +     Faith    .   (armour currently unavailable)
rPois    +         Spirit   .   (helmet unavailable)
rElec    .         Reflect  .   (cloak currently unavailable)
rCorr    .         Harm     .   (gloves currently unavailable)
MR       +....                  (boots currently unavailable)
Stlth    +.........             (no amulet)
HPRegen  0.42/turn              b - +2 ring of evasion
MPRegen  0.19/turn              q - +2 ring of protection

@: tree-form (expiring)
A: permanent stasis, dig shafts and tunnels, four strong arms
a: Minor Destruction, Lesser Servant of Makhleb, Major Destruction, Greater
Servant of Makhleb, Renounce Religion


You were in the Dungeon.
You worshipped Makhleb.
Makhleb was exalted by your worship.
You were not hungry.
You were a tree.
You visited 1 branch You collected 1875 gold pieces.
You spent 357 gold pieces at shops.

Inventory:

Hand Weapons
 u - a +2 great sword (weapon)
   (You took it off an orc knight in the Dungeon)
Missiles
 n - 13 javelins (quivered)
 t - 2 throwing nets
Armour
 k - a +0 cloak (melded)
   (You found it in the Dungeon)
 v - a +1 pair of gloves (melded)
   (You found it in the Dungeon)
 y - the cursed +0 shadow dragon scales of Dramatic Exits (melded) {*Contam rC- Str+4 Dex+9 Stlth++++}
   (You found it in the Dungeon)

   It affects your strength (+4).
   It affects your dexterity (+9).
   It makes you vulnerable to cold.
   It causes magical contamination when unequipped.
   It makes you much more stealthy.
   It has a curse placed upon it.
 z - a +4 large shield (worn)
   (You found it in the Dungeon)
Jewellery
 b - a +2 ring of evasion (left branch)
   (You found it in the Dungeon)
 d - an uncursed ring of fire
   (You found it in the Dungeon)
 q - a +2 ring of protection (right branch)
   (You found it in the Dungeon)
 w - an uncursed ring of ice
   (You found it in the Dungeon)
 x - an uncursed ring of protection from fire
   (You found it in the Dungeon)
Wands
 p - a wand of iceblast (5/15)
   (You found it in the Dungeon)
Scrolls
 a - 3 scrolls of enchant weapon
 g - a scroll of fog {!r}
 l - a scroll of fear {!r}
 m - 5 scrolls of remove curse
 o - a scroll of recharging
Potions
 i - 4 potions of magic
Comestibles
 c - 4 chunks of flesh
 f - 14 bread rations
 h - 38 fruits
 j - 10 meat rations


   Skills:
 + Level 18.6 Fighting
 * Level 18.0 Long Blades
 + Level 18.6 Armour
 + Level 7.3 Dodging
 + Level 18.3 Shields
 + Level 13.4 Invocations


You had 13 spell levels left.
You didn't know any spells.

Dungeon Overview and Level Annotations

Branches:
Dungeon (1/1)

Altars:
Cheibriados
Dithmenos
Elyvilon
Fedhas
Gozag
Hepliaklqana
Kikubaaqudgha
Makhleb
Nemelex Xobeh
Okawaru
Qazlal
Ru
Sif Muna
Trog
Uskayaw
Vehumet
Wu Jian
Xom
Yredelemnul
Zin
The Shining One
Beogh
Jiyva
Lugonu

Shops:
D [(?%


Innate Abilities, Weirdness & Mutations

You cannot be hasted, slowed, berserked, paralysed or teleported.
You can dig through walls and to a lower floor.
Your four strong arms can wield two-handed weapons with a shield.
((You have a pair of large antennae on your head. (SInv)))


Message History

The ice dragon bites you but does no damage.
You block the ice dragon's attack. x2
You hit the balrug but do no damage. The balrug gestures at you.
The sticky flame hits you!
You are covered in liquid flames!
You hit the balrug.
You kill the balrug!
You are covered in liquid flames!
The ice dragon breathes frost at you.
Helpless, you fail to dodge the blast of cold.
You take 27 damage, and have 116/196 hp.
You slash the ice dragon!
You are covered in liquid flames!
You block the ice dragon's attack.
The ice dragon claws you but does no damage.
You block the ice dragon's attack.
The glowing orange brain pulsates.
The frost giant casts a spell at you.
The bolt of cold hits the ice dragon.
The ice dragon resists.
The bolt of cold hits you!
* * * LOW HITPOINT WARNING * * *
You take 30 damage, and have 86/196 hp.
You closely miss the ice dragon.
You are covered in liquid flames!
* * * LOW HITPOINT WARNING * * *
Your transformation is almost over.
The ice dragon bites you!
* * * LOW HITPOINT WARNING * * *
You block the ice dragon's attack. x2
You take 15 damage, and have 71/196 hp.
Put on which piece of jewellery? (? for menu, Esc to quit)
You don't have any such object.
Put on which piece of jewellery? (? for menu, Esc to quit)
Okay, then.
Unknown command.
You feel better.
You are covered in liquid flames!
* * * LOW HITPOINT WARNING * * *
The ice dragon barely misses you.
You riposte.
You barely miss the ice dragon. The ice dragon claws you.
* * * LOW HITPOINT WARNING * * *
The ice dragon barely misses you.
You chop the ice dragon into pieces!!!
You are covered in liquid flames!
* * * LOW HITPOINT WARNING * * *
You block the ice dragon's attack.
The ice dragon claws you but does no damage.
You block the ice dragon's attack.
You take 4 damage, and have 67/196 hp.
A demon appears!
The glowing orange brain pulsates.
The frost giant gestures at you while chanting.
The bolt of cold hits the ice dragon.
The ice dragon resists.
The bolt of cold hits you!
The ice dragon breathes frost at your blizzard demon.
Helpless, you fail to dodge the blast of cold.
* * * LOW HITPOINT WARNING * * *
The blast of cold hits your blizzard demon.
Your blizzard demon resists.
You hear an angry buzzing noise.
You take 17 damage, and have 50/196 hp.
Aim: a hobgoblin, wielding a club (summoned)
The sticky flame hits the ice dragon.
The ice dragon appears unharmed.
The ice dragon is covered in liquid flames!
You hear a deafening roar!
The ice dragon burns!
The ice dragon breathes frost at you. The blast of cold hits you!
* * * LOW HITPOINT WARNING * * *
The blast of cold hits your blizzard demon.
Your blizzard demon resists.
You take 16 damage, and have 34/196 hp.
You hit the ice dragon.
The ice dragon burns!
You kill the ice dragon!
Makhleb accepts your kill.
You feel better.
The ice dragon scales are intact enough to wear.
Your Long Blades skill increases to level 18!
The glowing orange brain blinks!
The frost giant casts a spell at you.
Helpless, you fail to dodge the bolt of cold.
* * * LOW HITPOINT WARNING * * *
The bolt of cold hits your blizzard demon.
Your blizzard demon resists.
You take 29 damage, and have 5/196 hp.
Okay, then.
Unknown command.
Really read
l - 2 scrolls of fear {!r}?
As you read the scroll of fear {!r}, it crumbles to dust.
You assume a fearsome visage.
The goblin looks frightened!
The hobgoblin looks frightened!
Your blizzard demon is unaffected.
The ettin looks frightened!
The frost giant easily resists.
The fire giant looks frightened!
The glowing orange brain looks frightened!
You are no longer terrified.
The glowing orange brain blinks!
The frost giant casts a spell at you.
Helpless, you fail to dodge the bolt of cold.
You die...

.........'..=..)))))))).[[[[[[[[.
▓▓▓▓▓▓▓▓▓▓▓▓▓▓▓▓▓▓▓▓▓▓▓▓▓▓▓▓▓▓▓▓▓
.................................
.▓▓▓▓▓▓▓▓▓▓▓▓▓▓▓▓▓▓▓▓▓▓▓▓▓▓▓▓▓▓▓▓
........%).....()((....(.'.).....
▓▓▓▓▓▓▓▓▓▓▓▓▓▓▓▓▓▓▓▓▓▓▓▓▓▓▓▓▓▓▓▓▓
........)........................
.▓▓▓▓▓▓▓▓▓▓▓▓▓▓▓▓▓▓▓▓▓▓▓▓▓▓▓▓▓▓▓▓
...............2♣[CCCggGC{{{{{{{{
▓▓▓▓▓▓▓▓▓▓▓▓▓▓▓▓▓▓▓▓▓▓▓▓


You could see a frost giant, a fire giant (fleeing), an ettin (fleeing), a
glowing orange brain (fleeing), a hobgoblin (fleeing), a goblin (fleeing) and a
friendly blizzard demon.

Vanquished Creatures
  Saint Roka (D)
  Frances (D)
  A nagaraja (D)
  A stone giant (D)
  A merfolk javelineer (D)
  An ettin (D)
  Harold (D)
  An ice dragon (D)
  A naga warrior (D)
  A ghost crab (D)
  2 tengu warriors (D)
  A two-headed ogre (D)
  4 death yaks (D)
  Urug (D)
  2 alligator snapping turtles (D)
  A deep troll earth mage (D)
  Nergalle (D)
  A flayed ghost (D)
  2 sea snakes (D)
  2 shambling mangroves (D)
  3 orc knights (D)
  A mana viper (D)
  2 ugly things (D)
  3 orc sorcerers (D)
  3 wolf spiders (D)
  An orb spider (D)
  A cyclops (D)
  A salamander (D)
  2 black mambas (D)
  A merfolk siren (D)
  2 spiny frogs (D)
  A demonic crawler (D)
  A kobold demonologist (D)
  A rime drake (D)
  A komodo dragon (D)
  A freezing wraith (D)
  A troll (D)
  A merfolk (D)
  A jumping spider (D)
  A bog body (D)
  A hornet (D)
  A hippogriff (shapeshifter) (D)
  A hippogriff (D)
  A slime creature (D)
  A shadow (D)
  A tarantella (D)
  A redback (D)
  2 wraiths (D)
  A yak (D)
  A vampire mosquito (D)
  An acid dragon (D)
  3 water moccasins (D)
  A porcupine (D)
  12 orc warriors (D)
  An ogre (D)
  2 wolves (D)
  3 crocodiles (D)
  A centaur (D)
  2 bullfrogs (D)
  A scorpion (D)
  A crimson imp (D)
  4 orc priests (D)
  A jelly (D)
  2 hounds (D)
  2 orc wizards (D)
  A hell rat (D)
  An adder zombie (D)
  An adder skeleton (D)
  12 orcs (D)
  A bat (D)
  A bat skeleton (D)
  2 hobgoblins (D)
  A jackal (D)
  A kobold (D)
125 creatures vanquished.

Vanquished Creatures (collateral kills)
  A stone giant (D)
  An alligator snapping turtle (D)
  A centaur warrior (D)
  2 death yaks (D)
  A shock serpent (D)
  4 orc knights (D)
  A mana viper (D)
  An elephant (D)
  2 black mambas (D)
  A spiny frog (D)
  A yaktaur (D)
  A jumping spider (D)
  2 yaks (D)
  5 orc warriors (D)
24 creatures vanquished.

Vanquished Creatures (others)
  A spriggan (D)
  A swamp dragon (D)
  A tyrant leech (D)
  A hornet (D)
  A sky beast (D)
5 creatures vanquished.

Grand Total: 154 creatures vanquished

Notes
Turn   | Place    | Note
-------+----------+-------------------------------------------
     0 | D        | theanonym the Formicid Fighter began the quest for the Orb.
     0 | D        | Reached XP level 1. HP: 18/18 MP: 1/1
    11 | D        | Reached skill level 4 in Shields
    15 | D        | Reached skill level 3 in Long Blades
    15 | D        | Reached XP level 2. HP: 22/25 MP: 2/2
    46 | D        | Noticed a scorpion
    46 | D        | Noticed a centaur
    56 | D        | Killed a scorpion
    56 | D        | Reached skill level 4 in Fighting
    56 | D        | Reached skill level 5 in Long Blades
    56 | D        | Reached skill level 4 in Armour
    56 | D        | Reached skill level 5 in Shields
    56 | D        | Reached XP level 3. HP: 32/32 MP: 3/3
    56 | D        | Reached XP level 4. HP: 38/38 MP: 4/4
    58 | D        | Killed a centaur
    58 | D        | Reached skill level 5 in Fighting
    58 | D        | Reached skill level 6 in Long Blades
    58 | D        | Reached skill level 5 in Armour
    58 | D        | Reached skill level 6 in Shields
    58 | D        | Reached XP level 5. HP: 34/46 MP: 5/5
    79 | D        | Found a roughly hewn altar of Beogh.
    79 | D        | Found a snail-covered altar of Cheibriados.
    79 | D        | Found a shadowy altar of Dithmenos.
    79 | D        | Found a white marble altar of Elyvilon.
    79 | D        | Found a blossoming altar of Fedhas.
    79 | D        | Found an opulent altar of Gozag.
    80 | D        | Found a hazy altar of Hepliaklqana.
    81 | D        | Found a viscous altar of Jiyva.
    82 | D        | Found an ancient bone altar of Kikubaaqudgha.
    83 | D        | Found a corrupted altar of Lugonu.
    84 | D        | Found a burning altar of Makhleb.
    85 | D        | Found a sparkling altar of Nemelex Xobeh.
    86 | D        | Found an iron altar of Okawaru.
    87 | D        | Found a stormy altar of Qazlal.
    88 | D        | Found a sacrificial altar of Ru.
    89 | D        | Found a deep blue altar of Sif Muna.
    90 | D        | Found a bloodstained altar of Trog.
    91 | D        | Found a hide-covered altar of Uskayaw.
    92 | D        | Became a worshipper of Makhleb the Destroyer
    93 | D        | Found a radiant altar of Vehumet.
    94 | D        | Found an ornate altar of the Wu Jian Council.
    95 | D        | Found a shimmering altar of Xom.
    96 | D        | Found a basalt altar of Yredelemnul.
    97 | D        | Found a glowing silver altar of Zin.
    98 | D        | Found a glowing golden altar of the Shining One.
   205 | D        | Noticed a bullfrog
   205 | D        | Noticed a yak
   208 | D        | Reached skill level 6 in Fighting
   208 | D        | Reached skill level 7 in Long Blades
   208 | D        | Reached skill level 6 in Armour
   222 | D        | Reached skill level 7 in Shields
   222 | D        | Reached XP level 6. HP: 21/53 MP: 6/6
   226 | D        | Reached * piety under Makhleb
   232 | D        | Reached skill level 7 in Fighting
   232 | D        | Reached skill level 8 in Long Blades
   232 | D        | Reached skill level 7 in Armour
   241 | D        | Reached skill level 8 in Shields
   261 | D        | Killed a yak
   261 | D        | Reached ** piety under Makhleb
   261 | D        | Reached skill level 9 in Long Blades
   261 | D        | Reached XP level 7. HP: 41/61 MP: 7/7
   360 | D        | Noticed a shadow
   360 | D        | Noticed a tengu warrior
   360 | D        | Noticed a wraith
   360 | D        | Noticed an acid dragon
   371 | D        | Killed a shadow
   371 | D        | Reached skill level 8 in Fighting
   371 | D        | Reached skill level 8 in Armour
   371 | D        | Reached skill level 9 in Shields
   403 | D        | Killed a tengu warrior
   403 | D        | Reached skill level 10 in Fighting
   403 | D        | Reached skill level 10 in Long Blades
   403 | D        | Reached skill level 10 in Armour
   403 | D        | Reached skill level 10 in Shields
   403 | D        | Reached XP level 8. HP: 58/72 MP: 8/8
   404 | D        | Reached skill level 11 in Long Blades
   408 | D        | Killed a wraith
   408 | D        | Reached *** piety under Makhleb
   408 | D        | Reached skill level 11 in Shields
   408 | D        | Reached XP level 9. HP: 61/78 MP: 9/9
   412 | D        | Reached skill level 1 in Invocations
   419 | D        | Reached skill level 2 in Invocations
   660 | D        | Noticed a spiny frog
   660 | D        | Noticed a komodo dragon
   676 | D        | Killed a spiny frog
   676 | D        | Reached skill level 3 in Invocations
   690 | D        | Reached skill level 4 in Invocations
   693 | D        | Reached **** piety under Makhleb
   693 | D        | Reached skill level 11 in Fighting
   693 | D        | Reached skill level 11 in Armour
   702 | D        | Killed a komodo dragon
   702 | D        | Reached skill level 12 in Long Blades
   702 | D        | Reached skill level 12 in Shields
   734 | D        | Reached ***** piety under Makhleb
   765 | D        | Noticed a spiny frog
   765 | D        | Noticed a spiny frog
   765 | D        | Noticed an elephant
   770 | D        | Noticed a rime drake
   772 | D        | Killed a spiny frog
   772 | D        | Reached XP level 10. HP: 85/88 MP: 13/13
   774 | D        | Killed a spiny frog
   782 | D        | Noticed a black mamba
   788 | D        | Killed an elephant
   788 | D        | Reached skill level 13 in Long Blades
   802 | D        | Killed a rime drake
   802 | D        | Reached skill level 12 in Fighting
   802 | D        | Reached skill level 12 in Armour
   802 | D        | Reached skill level 13 in Shields
   805 | D        | Killed a black mamba
   932 | D        | Noticed a death yak
   932 | D        | Noticed a death yak
   932 | D        | Noticed a death yak
   932 | D        | Noticed a death yak
   935 | D        | Noticed a death yak
   941 | D        | Noticed a death yak
   944 | D        | Killed a death yak
   944 | D        | Reached skill level 14 in Long Blades
   968 | D        | Killed a death yak
   977 | D        | Killed a death yak
   977 | D        | Reached skill level 13 in Fighting
   977 | D        | Reached skill level 13 in Armour
   977 | D        | Reached skill level 14 in Shields
   977 | D        | Reached XP level 11. HP: 60/98 MP: 14/14
   993 | D        | Killed a death yak
  1013 | D        | Killed a death yak
  1013 | D        | Reached ****** piety under Makhleb
  1025 | D        | Killed a death yak
  1026 | D        | Reached skill level 15 in Shields
  1357 | D        | Noticed Urug
  1372 | D        | Killed Urug
  1372 | D        | Reached skill level 14 in Fighting
  1372 | D        | Reached skill level 14 in Armour
  1372 | D        | Reached skill level 5 in Invocations
  1436 | D        | Noticed Harold
  1464 | D        | Killed Harold
  1464 | D        | Reached skill level 6 in Invocations
  1584 | D        | Noticed an orc sorcerer
  1615 | D        | Killed an orc sorcerer
  1615 | D        | Reached skill level 7 in Invocations
  1794 | D        | Noticed an orc sorcerer
  1795 | D        | Noticed an orc knight
  1804 | D        | Killed an orc sorcerer
  1816 | D        | Killed an orc knight
  1816 | D        | Reached skill level 8 in Invocations
  1822 | D        | Reached skill level 15 in Fighting
  1830 | D        | Reached skill level 15 in Armour
  1863 | D        | Reached skill level 9 in Invocations
  1972 | D        | Found Qigh's Antique Armour Emporium.
  1972 | D        | Noticed an orc knight
  1972 | D        | Noticed an orc knight
  1986 | D        | Killed an orc knight
  1986 | D        | Reached XP level 12. HP: 110/110 MP: 18/18
  2036 | D        | Reached skill level 10 in Invocations
  2079 | D        | Found Vonocs's Weapon Shoppe.
  2083 | D        | Found Betasis's Magic Scroll Emporium.
  2087 | D        | Found Xiqum's Food Shoppe.
  2142 | D        | Bought a scroll of fear for 49 gold pieces
  2142 | D        | Bought a scroll of fear for 49 gold pieces
  2142 | D        | Bought a scroll of enchant weapon for 105 gold pieces
  2151 | D        | Bought a scroll of fear for 49 gold pieces
  2531 | D        | Got the cursed +0 shadow dragon scales of Dramatic Exits {*Contam rC- Str+4 Dex+9 Stlth++++}
  2715 | D        | Bought a scroll of enchant armour for 105 gold pieces
  2843 | D        | Noticed a two-headed ogre
  2851 | D        | Noticed a centaur warrior
  2853 | D        | Noticed a stone giant
  2863 | D        | Killed a two-headed ogre
  2863 | D        | Reached skill level 16 in Fighting
  2863 | D        | Reached skill level 16 in Armour
  2863 | D        | Reached skill level 11 in Invocations
  2872 | D        | Noticed a flayed ghost
  2881 | D        | Noticed a deep troll earth mage
  2886 | D        | Killed a stone giant
  2887 | D        | Killed a centaur warrior
  2897 | D        | Noticed an ettin
  2902 | D        | Killed a flayed ghost
  2902 | D        | Reached skill level 12 in Invocations
  2924 | D        | Reached skill level 16 in Shields
  2928 | D        | Killed a deep troll earth mage
  2932 | D        | Killed an ettin
  3010 | D        | Noticed Frances
  3025 | D        | Killed Frances
  3025 | D        | Reached skill level 17 in Fighting
  3025 | D        | Reached skill level 15 in Long Blades
  3025 | D        | Reached skill level 17 in Armour
  3025 | D        | Reached XP level 13. HP: 111/120 MP: 22/22
  3113 | D        | Noticed a naga warrior
  3113 | D        | Noticed a nagaraja
  3126 | D        | Killed a nagaraja
  3126 | D        | Reached skill level 2 in Dodging
  3141 | D        | Killed a naga warrior
  3156 | D        | Reached skill level 3 in Dodging
  3161 | D        | HP: 2/121 [shock serpent/bolt of electricity (20)]
  3162 | D        | Reached skill level 17 in Shields
  3539 | D        | Reached skill level 16 in Long Blades
  3544 | D        | Reached skill level 4 in Dodging
  3567 | D        | Noticed a ghost crab
  3578 | D        | Noticed a cacodemon
  3583 | D        | Gained mutation: Your spells are a little easier to cast, but a little less powerful. [a cacodemon]
  3592 | D        | Lost mutation: Your spells are a little easier to cast, but a little less powerful. [a cacodemon]
  3608 | D        | Killed a ghost crab
  3608 | D        | Reached skill level 5 in Dodging
  3611 | D        | HP: 8/122 [shambling mangrove (25)]
  3629 | D        | Noticed a merfolk javelineer
  3629 | D        | Noticed an alligator snapping turtle
  3629 | D        | Noticed an alligator snapping turtle
  3683 | D        | Killed a merfolk javelineer
  3683 | D        | Reached skill level 18 in Fighting
  3724 | D        | Reached skill level 18 in Armour
  3756 | D        | Killed an alligator snapping turtle
  3773 | D        | Killed an alligator snapping turtle
  3773 | D        | Reached skill level 17 in Long Blades
  3778 | D        | Noticed an alligator snapping turtle
  3794 | D        | Killed an alligator snapping turtle
  3823 | D        | Reached skill level 6 in Dodging
  3833 | D        | Reached XP level 14. HP: 130/130 MP: 23/23
  3888 | D        | Noticed Saint Roka
  3912 | D        | HP: 9/130 [Saint Roka/divine providence (11)]
  3922 | D        | Killed Saint Roka
  3922 | D        | Reached skill level 18 in Shields
  3922 | D        | Reached skill level 13 in Invocations
  4306 | D        | Noticed Nergalle
  4318 | D        | Killed Nergalle
  4348 | D        | Noticed a stone giant
  4348 | D        | Noticed a frost giant
  4350 | D        | Noticed a fire giant
  4362 | D        | Killed a stone giant
  4362 | D        | Reached skill level 7 in Dodging
  4389 | D        | Reached skill level 18 in Long Blades
  4389 | D        | HP: 5/196 [frost giant/bolt of cold (43)]
  4390 | D        | Killed from afar by a frost giant

Vault maps used:
D:        linesprint

Skill      XL: |  1  2  3  4  5  6  7  8  9 10 11 12 13 14 |
---------------+-------------------------------------------+-----
Shields        | 4 5 6 7 8 10 11 12 14 15 16 17 18 | 18.3
Long Blades    | 3 5 6 7 9 10 11 12 14 15 17 18 | 18.0
Fighting       | 4 5 6 7 10 11 13 15 17 18 | 18.6
Armour         | 4 5 6 7 10 11 13 15 17 18 | 18.6
Invocations    | 4 9 12 13 | 13.4
Dodging        | 6 7 |  7.3

Action                   |  1- 3 |  4- 6 |  7- 9 | 10-12 | 13-15 || total
-------------------------+-------+-------+-------+-------+-------++-------
Melee: Long sword        |    21 |    66 |       |       |       ||    87
       Scimitar          |       |       |   104 |   198 |       ||   302
       Great sword       |       |       |       |   121 |   218 ||   339
Throw: Javelin           |       |       |       |       |     9 ||     9
Invok: Lesser Servant of |       |       |     3 |    13 |     4 ||    20
       Greater Servant o |       |       |       |     4 |     7 ||    11
       Major Destruction |       |       |       |       |     9 ||     9
Evoke: Wand              |       |       |     2 |       |       ||     2
  Use: Potion            |     1 |     2 |     3 |     1 |     8 ||    15
       Scroll            |       |       |       |     3 |     2 ||     5
 Stab: Invisible         |       |       |     3 |       |       ||     3
       Sleeping          |       |       |       |       |     1 ||     1
  Eat: Chunk             |       |       |       |     1 |     2 ||     3
       Fruit             |       |       |       |     2 |       ||     2
       Meat ration       |       |       |       |     1 |     1 ||     2
Armor: Scale mail        |     7 |     2 |       |    11 |       ||    20
       Plate armour      |       |    20 |    32 |    15 |       ||    67
       Shadow dragon sca |       |       |       |    11 |    39 ||    50
       Skin              |       |       |       |       |    11 ||    11
Dodge: Dodged            |     7 |    10 |    24 |    40 |    35 ||   116
Block: Shield            |     8 |    36 |    54 |    86 |       ||   184
       Large shield      |       |       |       |    79 |   211 ||   290
       Rpst.: Long sword |       |     3 |       |       |       ||     3
       Scimitar          |       |       |     6 |     8 |       ||    14
       Great sword       |       |       |       |     4 |     6 ||    10

Table legend:
 A = Spawn XP
 B = Non-spawn XP
 C = Spawn XP percentage of total XP
 D = Spawn monster count
 E = Non-spawn monster count
 F = Spawn count percentage of total count
 G = Total turns spent on level
                    A         B        C        D         E        F      G
               +---------+---------+-------+---------+---------+-------+---------
         Total |       0 |   54915 |   0.0 |       0 |     152 |   0.0 |  4390
               +---------+---------+-------+---------+---------+-------+---------
             D |       0 |   54915 |   0.0 |       0 |     152 |   0.0 |  4390
               +---------+---------+-------+---------+---------+-------+---------
